 Dungeon Crawl Stone Soup version 0.25.1-8-g42b30a86e7 (webtiles) character file.

Game seed: 16024861492233050122

60 Cazemata the Chopper (level 3, -1/31 HPs)
             Began as a Minotaur Berserker on Dec 17, 2020.
             Was a Believer of Trog.
             Slain by a white imp (3 damage)
             ... summoned by Natasha
             ... on level 2 of the Dungeon.
             The game lasted 00:04:25 (1819 turns).

Cazemata the Chopper (Minotaur Berserker)           Turns: 1819, Time: 00:04:27

Health: -1/31      AC:  6    Str: 21    XL:     3   Next: 80%
Magic:  2/2        EV: 10    Int:  5    God:    Trog [**....]
Gold:   76         SH:  0    Dex:  9    Spells: 2/2 levels left

rFire    . . .     SeeInvis .   a - +0 hand axe
rCold    . . .     Gourm    .   (no shield)
rNeg     . . .     Faith    .   m - +0 scale mail
rPois    .         Spirit   .   (helmet restricted)
rElec    .         Reflect  .   (no cloak)
rCorr    .         Harm     .   (no gloves)
MR       .....                  (no boots)
Stlth    ..........             (no amulet)
HPRegen  0.10/turn              (no ring)
MPRegen  0.08/turn              (no ring)

@: slowed, very slow
A: retaliatory headbutt, horns 2
a: Berserk, Trog's Hand, Renounce Religion


You were on level 2 of the Dungeon.
You worshipped Trog.
Trog was pleased with you.
You were not hungry.

You visited 1 branch of the dungeon, and saw 2 of its levels.

You collected 76 gold pieces.

Inventory:

Hand Weapons
 a - a +0 hand axe (weapon)
Armour
 b - a +0 animal skin
 m - a +0 scale mail (worn)
Jewellery
 d - an uncursed ring of poison resistance {unknown}
 h - an uncursed amulet of guardian spirit {unknown}
Scrolls
 f - a scroll of enchant weapon {unknown}
 g - a scroll of remove curse {unknown}
 i - 2 scrolls of enchant armour {unknown}
 j - 4 scrolls of identify {unknown}
 k - 3 scrolls of magic mapping {unknown}
 l - a scroll of blinking {unknown}
 o - a scroll of noise {unknown}
 q - a scroll of fog {unknown}
Potions
 e - a potion of flight {unknown}
 n - a potion of degeneration {unknown}
Comestibles
 c - 2 rations
 p - 2 chunks of flesh


   Skills:
 - Level 3.6 Fighting
 * Level 5.8 Axes
 - Level 2.4 Armour
 - Level 2.1 Dodging


You had 2 spell levels left.
You didn't know any spells.
Your spell library was empty.

Dungeon Overview and Level Annotations

Branches:
Dungeon (2/15)

Altars:
Ashenzari

Annotations:
D:2 Natasha


Innate Abilities, Weirdness & Mutations

You reflexively headbutt those who attack you in melee.
You have a pair of horns on your head.


Message History

The white imp barely misses you. Natasha closely misses you.
The crimson imp closely misses you.
You barely miss Natasha. Your headbutt misses Natasha.
Natasha is severely wounded.
You hit the crimson imp. You closely miss the white imp.
The crimson imp disappears in a puff of smoke!
The white imp hits you. The white imp freezes you.
* * * LOW HITPOINT WARNING * * *
Natasha claws you but does no damage. The white imp hits you.
* * * LOW HITPOINT WARNING * * *
The white imp freezes you.
* * * LOW HITPOINT WARNING * * *
You hit Natasha but do no damage.
Natasha is severely wounded.
You hit the white imp but do no damage. Natasha casts a spell at you.
You resist with significant effort.
The white imp disappears for a moment.
The white imp hits you.
You die...

#.....#####.###. #.
##..<## . ## ##.## .##
##+# ..# ##...# #.#
#.....# ####.# ....)..##
##.##.# #
<.....h.####...#.#######
......ยง@'...............
......5.####...#..######
.......## #..##..# #
#.....# #.#....# # ##...#
#......# # ..... ###.####
# ###. #.# #. #.


You could see Natasha and a white imp (summoned).

Vanquished Creatures
  2 adders (D:2)
  A worm (D:2)
  3 leopard geckos
  5 bats
  3 giant cockroaches
  A goblin (D:1)
  3 hobgoblins (D:2)
  7 jackals
  A frilled lizard (D:2)
  4 kobolds
  4 rats
34 creatures vanquished.

Notes
Turn   | Place    | Note
-------+----------+-------------------------------------------
     0 | D:1      | Cazemata the Minotaur Berserker began the quest for the
                  | Orb.
     0 | D:1      | Reached XP level 1. HP: 19/19 MP: 0/0
    42 | D:1      | Reached skill level 4 in Axes
   218 | D:1      | Found a shattered altar of Ashenzari.
   223 | D:1      | Reached XP level 2. HP: 26/26 MP: 1/1
   434 | D:1      | You fall into a shaft and drop 1 floor!
   710 | D:2      | Reached ** piety under Trog
   912 | D:2      | Reached skill level 5 in Axes
   987 | D:2      | Reached XP level 3. HP: 21/31 MP: 2/2
  1804 | D:2      | Noticed Natasha
  1819 | D:2      | Slain by a white imp

Illustrated notes

Levels and vault maps discovered:
D:1:      evilmike_arrival_crescent, layout_basic, evilmike_ruin_ashenzari
D:2:      layout_loops_corners, uniq_natasha

Skill      XL: |  1  2 |
---------------+-------+-----
Axes           | 4 5 |  5.8
Fighting       | |  3.6
Armour         | |  2.4
Dodging        | |  2.1

Action                   || total
-------------------------++-------
Melee: Hand axe          ||    81
       Headbutt          ||     9
  Eat: Chunk             ||     3
Armor: Animal skin       ||     6
       Scale mail        ||    14
Dodge: Dodged            ||    61
